 Dungeon Sprint DCSS version 0.30.0-29-ga12c61a403 (webtiles) character file.

Game seed: 11972942025979394903

106 boopmooplesden the Trooper (level 4, -1/67 HPs)
             Began as a Draconian Berserker on June 24, 2023.
             Was a Believer of Trog.
             Slain by a merfolk
             ... wielding a +0 trident
              (6 damage)
             ... in the Dungeon (Sprint V: "Ziggurat Sprint").
             The game lasted 00:00:51 (222 turns).

boopmooplesden the Trooper (Draconian Berserker)     Turns: 222, Time: 00:00:52

Health: -1/67      AC:  5    Str: 27    XL:     4   Next: 55%
Magic:  4/4        EV:  8    Int:  7    God:    Trog [**....]
Gold:   0          SH: 25    Dex: 17    Spells: 3/3 levels left

rFire   . . .        s - +11 Screaming Sword {sonic wave}
rCold   . . .        r - +18 shield of the Gong {Loud rN+ Will+ rCorr EV-5}
rNeg    + . .        (body armour unavailable)
rPois   .            (helmet restricted)
rElec   .            (no cloak)
rCorr   +            (no gloves)
SInv    .            (no boots)
Will    +....        (no amulet) Stlth
                     k - +6 ring of dexterity
HPRegen 0.31/turn    p - +6 ring of strength
MPRegen 0.09/turn

%: no teleportation
@: berserking, very quick
A: AC +5, unfitting armour, cold-blooded
a: Renounce Religion, Berserk, Trog's Hand


You were in the Dungeon.
You worshipped Trog.
Trog was pleased with you.
You visited 1 branch

Inventory:

Hand Weapons
 a - a +0 falchion
 s - the +11 Screaming Sword (weapon) {sonic wave}
   (You found it in the Dungeon)
Armour
 r - the +18 shield of the Gong (worn) {Loud rN+ Will+ rCorr EV-5}
   (You found it in the Dungeon)

   Loud:      It is deafeningly noisy when blocking attacks.
   EV:        It affects your evasion (-5).
   rN:        It protects you from negative energy.
   rCorr:     It protects you from acid and corrosion.
   Will:      It increases your willpower.
Jewellery
 j - a ring of flight
 k - a +6 ring of dexterity (left hand)
 l - a +6 ring of dexterity
 m - a +6 ring of intelligence
 n - a +6 ring of intelligence
 o - a +6 ring of strength
 p - a +6 ring of strength (right hand)
 t - an amulet of magic regeneration
Wands
 h - a wand of mindburst (7)
 i - a wand of quicksilver (7)
 q - a wand of flame (27)
Scrolls
 g - a scroll of blinking
Potions
 b - a potion of curing
 c - a potion of heal wounds
 d - a potion of haste
 e - 2 potions of magic
 f - a potion of berserk rage


   Skills:
 + Level 6.3 Fighting
 + Level 6.3 Long Blades
 + Level 5.3 Dodging
 + Level 0.1 Stealth


You had 3 spell levels left.
You didn't know any spells.
Your spell library was empty.

Dungeon Overview and Level Annotations

Branches:
Dungeon (1/1)

Altars:
Ashenzari
Cheibriados
Dithmenos
Elyvilon
Fedhas
Gozag
Hepliaklqana
Kikubaaqudgha
Makhleb
Nemelex Xobeh
Okawaru
Qazlal
Ru
Sif Muna
Trog
Uskayaw
Vehumet
Wu Jian
Xom
Yredelemnul
Zin
The Shining One
Jiyva
Lugonu

Annotations:
D 1 transporter


Innate Abilities, Weirdness & Mutations

Your plain brown scales are hard. (AC +5)
You cannot fit into any form of body armour.
You are cold-blooded and may be slowed by cold attacks.


Message History

You feel yourself speed up.
You start waiting.
You recover from your berserk rage.
Welcome to arena 3.
You enter the transporter and appear at another place. 4 merfolk come into view.
A merfolk is wielding a +0 trident of protection.
The merfolk shouts! x2
Found four items.
Found a transporter.
You block the merfolk's attack.
GONNNNG!
The merfolk shouts!
A red film seems to cover your vision as you go berserk!
You feel yourself moving faster!
You feel mighty!
The merfolk hits you from afar with a +0 trident!
You block the merfolk's attack.
BOUMMMMG!
The merfolk hits you from afar with a +0 trident!
You feel a strong urge to attack something.
You block the merfolk's attack.
PTOANNNG!
The merfolk hits you with a +0 trident! You block the merfolk's attack.
PTOANNNG!
The merfolk hits you with a +0 trident!
You slice the merfolk!!
The Screaming Sword shouts, "SUFFER OR PERISH!
EITHER!"
You send a blast of sound all around you.
The merfolk is moderately wounded. x3
The merfolk is severely wounded.
Your tail-slap misses the merfolk.
The merfolk is severely wounded.
You slash the merfolk!
The merfolk is almost dead.
The merfolk hits you from afar with a +0 trident of protection!
* * * LOW HITPOINT WARNING * * *
You block the merfolk's attack.
GONNNNG!
You block the merfolk's attack.
PTOANNNG!
The merfolk hits you with a +0 trident.
You die...

▓▓▓▓▓▓▓▓▓▓▓▓▓▓▓▓▓▓▓
▓.8©8.▓.8©8.▓.8©8.▓
▓.}|[.▓.).[.▓.....▓
▓..m..▓.....▓.).).▓
▓.mmm.▓.....▓.....▓
▓..@..▓..)..▓..)..▓
▓.....▓.....▓..©..▓
▓..©..▓..©..▓▓▓▓▓▓▓
▓▓▓▓▓▓▓▓▓▓▓▓▓


You could see 4 merfolk.

Vanquished Creatures
  2 wights (D)
  An adder skeleton (D)
  A bat zombie (D)
  A giant cockroach zombie (D)
5 creatures vanquished.

Notes
Turn   | Place    | Note
-------+----------+-------------------------------------------
     0 | D        | boopmooplesden the Draconian Berserker began the quest for
                  | the Orb.
     0 | D        | Reached XP level 1. HP: 19/19 MP: 1/1
     0 | D        | Found a shimmering blue altar of Sif Muna.
     0 | D        | Found a bloodstained altar of Trog.
     0 | D        | Found a sacrificial altar of Ru.
     0 | D        | Found a stormy altar of Qazlal.
     0 | D        | Found an iron altar of Okawaru.
     3 | D        | Found a sparkling altar of Nemelex Xobeh.
     3 | D        | Found the +6 Majin-Bo {spellvamp, MP+6 Int+6}
     3 | D        | Found the +27 heavy crossbow "Sniper" {heavy, Acc+∞ SInv}
     3 | D        | Found the +10 dark maul {heavy}
     3 | D        | Found the +15 Maxwell's patent armour {-Cast -Tele rElec
                  | Will+ rCorr}
     3 | D        | Found the +18 shield of the Gong {Loud rN+ Will+ rCorr
                  | EV-5}
     3 | D        | Found the +16 obsidian axe {drain, demonic, Mesm Drain Fly
                  | SInv}
     3 | D        | Found the +7 great mace "Firestarter" {flame, immolate,
                  | rFlCloud rF++}
     3 | D        | Found the +6 shillelagh "Devastator" {shatter}
     3 | D        | Found the +11 plutonium sword {Contam Stlth-}
     3 | D        | Found the +8 lance "Wyrmbane" {slay drac, rPois rF+ rC+
                  | AC+3}
     3 | D        | Found the +9 sword of Zonguldrok {reap}
     3 | D        | Found the +13 scythe of Curses {drain, curses, Drain}
     3 | D        | Found the +9 sword of Power {lifebolt}
     3 | D        | Found the +7 mace of Variability {chaos, chaos arc}
     3 | D        | Found the +11 Singing Sword {sonic wave}
     3 | D        | Found the +8 storm bow {elec, penet}
     5 | D        | Found a corrupted altar of Lugonu.
     5 | D        | Found an ancient bone altar of Kikubaaqudgha.
     5 | D        | Found a burning altar of Makhleb.
     5 | D        | Found a transporter.
     5 | D        | Found a viscous altar of Jiyva.
     5 | D        | Found a hazy altar of Hepliaklqana.
    25 | D        | Found an opulent altar of Gozag.
    26 | D        | Found a blossoming altar of Fedhas.
    45 | D        | Entered arena 2.
    45 | D        | Noticed a wight
    45 | D        | Found a transporter.
    48 | D        | Killed a wight
    49 | D        | Reached skill level 5 in Fighting
    49 | D        | Reached skill level 5 in Long Blades
    49 | D        | Reached XP level 2. HP: 29/29 MP: 2/2
    49 | D        | Reached XP level 3. HP: 36/36 MP: 3/3
   171 | D        | Entered arena 3.
   171 | D        | Noticed a wight
   171 | D        | Found a transporter.
   174 | D        | Reached ** piety under Trog
   175 | D        | Killed a wight
   176 | D        | Reached skill level 5 in Dodging
   176 | D        | Reached XP level 4. HP: 45/45 MP: 4/4
   217 | D        | Entered arena 4.
   217 | D        | Noticed a merfolk
   217 | D        | Noticed a merfolk
   217 | D        | Noticed a merfolk
   217 | D        | Noticed a merfolk
   217 | D        | Found a transporter.
   222 | D        | Slain by a merfolk

Illustrated notes

Levels and vault maps discovered:
D:        sprint_v [room_start, room_1, room_2, room_3, room_4, room_5, room_6,
          room_7, room_8, room_9, room_10, room_11, room_12, room_13, room_14,
          room_15, room_16, room_17, room_18, room_19, room_20, room_21,
          room_22, room_23, room_24, room_25, room_26, room_27]

Skill      XL: |  1  2  3 |
---------------+----------+-----
Fighting       | 5 6 |  6.3
Long Blades    | 5 6 |  6.3
Dodging        | 4 5 |  5.3
Stealth        | |  0.1

Action                     |  1- 3 |  4- 6 || total
---------------------------+-------+-------++-------
  Melee: Double sword      |     4 |     2 ||     6
 Invoke: Berserk           |     2 |     1 ||     3
  Block: Kite shield       |     1 |     6 ||     7
